 Dungeon Crawl Stone Soup version 0.28.0-43-g3370ac3207 (webtiles) character file.

Game seed: 12135129732769379387

6867 CryoSword the Grappler (level 10, -25/91 HPs)
             Began as a Troll Chaos Knight on Mar 14, 2022.
             Was a Plaything of Xom.
             Annihilated by Grum
             ... wielding a +0 glaive
              (38 damage)
             ... on level 9 of the Dungeon.
             The game lasted 00:15:26 (7131 turns).

CryoSword the Grappler (Troll Chaos Knight)         Turns: 7131, Time: 00:15:27

Health: -25/91     AC:  8    Str: 22    XL:     10   Next: 78%
Magic:  9/9        EV: 12    Int:  8    God:    Xom [*.....]
Gold:   70         SH:  0    Dex: 13    Spells: 9/9 levels left

rFire   . . .      SeeInvis +     - Unarmed
rCold   . . .      Faith    .   (no shield)
rNeg    . . .      Spirit   .   a - +2 robe
rPois   .          Reflect  .   (helmet restricted)
rElec   .          Harm     .   (no cloak)
rCorr   .          Rampage  .   (gloves unavailable)
Will    .....                   (boots unavailable)
Stlth   +.........              (no amulet)
HPRegen 1.05/turn               g - +4 ring of slaying
MPRegen 0.11/turn               q - +4 ring of slaying

@: invisible
A: large, unfitting armour, claws 3, regeneration 1, shaggy fur 1, tough skin 1,
iridescent scales 1, see invisible, frail 1, screaming 1
a: Renounce Religion


You were on level 9 of the Dungeon.
You worshipped Xom.
You were a special plaything of Xom.
You visited 1 branch of the dungeon, and saw 9 of its levels.
You also visited: Ossuary.

You collected 393 gold pieces.
You spent 323 gold pieces at shops.

Inventory:

Missiles
 i - 2 boomerangs
 l - 19 poisoned darts (quivered)
Armour
 a - a +2 robe (worn)
Jewellery
 g - a +4 ring of slaying (left claw)
   (You found it on level 1 of the Dungeon)
 q - a +4 ring of slaying (right claw)
   (You found it on level 8 of the Dungeon)
 w - a ring of resist corrosion
   (You found it on level 9 of the Dungeon)
Scrolls
 c - 4 scrolls of teleportation {@r4}
 d - 2 scrolls of fear
 f - 2 scrolls of immolation {unknown}
 h - a scroll of brand weapon
 j - a scroll of magic mapping
 m - 7 scrolls of identify {@r1}
 p - a scroll of blinking
 r - 4 scrolls of enchant armour
 t - a scroll of holy word
 u - 2 scrolls of fog
 v - a scroll of amnesia {unknown}
Potions
 b - 2 potions of ambrosia
 k - 4 potions of curing {@q1}
 o - 2 potions of cancellation
 s - a potion of degeneration {unknown}


   Skills:
 * Level 7.2 Fighting
 + Level 6.0 Throwing
 + Level 6.5 Dodging
 * Level 11.0 Unarmed Combat


You had 9 spell levels left.
You didn't know any spells.
Your spell library contained the following spells:

 Spells                   Type           Power      Damage    Failure   Level
 Freeze                   Ice            0%         1d3       41%         1
 Frozen Ramparts          Ice            0%         1d2       78%         3
 Tukima's Dance           Hex            0%         N/A       78%         3
 Anguish                  Hex/Necr       0%         N/A       99%         4
 Cause Fear               Hex            0%         N/A       99%         4
 Hailstorm                Conj/Ice       0%         3d3       99%         4
 Dragon Form              Tmut           0%         N/A       100%        7
 Enfeeble                 Hex            0%         N/A       100%        7
 Dragon's Call            Summ           0%         N/A       100%        9


Dungeon Overview and Level Annotations

Branches:
Dungeon (9/15)             Temple (0/1) D:6         Ossuary (visited)
   Lair: D:8-11         Orc: D:9-12

Altars:
Cheibriados
Dithmenos
Nemelex Xobeh
Qazlal
Ru
Vehumet
Wu Jian
Xom
Yredelemnul
The Shining One

Shops:
D:7 ?

Annotations:
D:9 1 runed translucent door, Grum; mistmaker's ghost, journeyman TeAE


Innate Abilities, Weirdness & Mutations

You are too large for most types of armour.
You have claws for hands.
Your natural rate of healing is unusually fast.
You are covered in fur. (AC +1)
You have tough skin. (AC +1)
You are partially covered in iridescent scales. (AC +2)
You have supernaturally acute eyesight. (SInv)
You are frail. (-10% HP)
You occasionally shout uncontrollably at your foes.


Message History

The orc wizard closely misses you. The orc misses you.
You claw the orc wizard!
You kill the orc wizard!
The orc barely misses you.
You scratch the orc. You mangle the orc!!
You kill the orc!
No target in view!
Things that are here:
a +0 war axe; a +0 chain mail
Found a falchion.
Things that are here:
a +0 short sword; a +0 leather armour; an orc corpse
Things that are here:
a +0 war axe; a +0 chain mail
Things that are here:
a +0 dagger; a +0 robe
Things that are here:
a +0 war axe; a +0 chain mail
Things that are here:
a +0 short sword; a +0 leather armour; an orc corpse You see here a +0 falchion.
A centaur zombie comes into view.
Found 11 gold pieces.
A centaur zombie is nearby!
A centaur zombie is nearby!
A centaur zombie is nearby!
The centaur zombie closely misses you.
The centaur zombie kicks you but does no damage.
You mangle the centaur zombie!!
The centaur zombie hits you but does no damage.
The centaur zombie closely misses you.
You completely miss the centaur zombie. The centaur zombie hits you.
The centaur zombie barely misses you.
You mangle the centaur zombie!!
You destroy the centaur zombie!
No target in view!
A kobold demonologist comes into view. It is wielding a +0 dagger.
Found 9 gold pieces.
A kobold demonologist is nearby!
A kobold demonologist is nearby!
A wolf comes into view.
The kobold demonologist shouts!
You hear an angry hiss.
A wolf comes into view.
The kobold demonologist casts a spell.
A wolf comes into view.
The wolf bites you. "The weather's been a little too boring around here."
The wolf bites you. The wolf closely misses you.
The kobold demonologist begins to cast a cantrip, but forgets the words!
A wyvern comes into view.
The wyvern hisses angrily.
The wolf bites you.
Grum the Hunter comes into view.
He is wielding a +0 glaive.
The wolf bites you but does no damage.
The kobold demonologist hits you but does no damage.
Unknown command.
Unknown command.
You miss the kobold demonologist. The wolf bites you!
Grum growls angrily.
The wolf howls!
You mangle the kobold demonologist!!
You hear a howl!
The wolf closely misses you.
The kobold demonologist hits you but does no damage.
You scratch the kobold demonologist but do no damage.
The wolf misses you.
The kobold demonologist gestures wildly while chanting.
The wolf bites you!
You claw the kobold demonologist!
You kill the kobold demonologist!
The soul eater disappears in a puff of smoke!
The orange demon disappears in a puff of smoke!
The wolf closely misses you. The wyvern bites you.
You scratch the wyvern. The wolf barely misses you.
The wyvern completely misses you.
You mangle the wyvern!! You claw the wyvern.
You kill the wyvern!
You are engulfed in seething chaos.
The wolf is engulfed in seething chaos.
The wolf seems to grow stronger.
The wolf bites you!
The wolf is engulfed in seething chaos.
The wolf goes berserk!
The wolf bites you but does no damage.
You feel your strength returning.
Your Unarmed Combat skill increases to level 11!
The wolf bites you.
You completely miss the wolf. The wolf bites you but does no damage.
The wolf barely misses you.
You closely miss the wolf. The wolf closely misses you.
You mangle the wolf!!
You kill the wolf!
Grum barely misses you.
Your Throwing skill increases to level 6!
The wolf is engulfed in seething chaos.
A centaur zombie comes into view.
The wolf is engulfed in seething chaos.
Grum hits you with a +0 glaive!!
* * * LOW HITPOINT WARNING * * *
The wolf is engulfed in seething chaos.
The wolf flickers and vanishes for a moment.
You mangle Grum!!
The wolf is engulfed in seething chaos.
Grum closely misses you.
The wolf is engulfed in seething chaos.
You scratch Grum.
The wolf is engulfed in seething chaos.
Grum hits you with a +0 glaive!!
* * * LOW HITPOINT WARNING * * *
You scratch Grum but do no damage.
The wolf turns to stone!
The wolf is engulfed in seething chaos.
Grum hits you with a +0 glaive!
* * * LOW HITPOINT WARNING * * *
You feel much better.
The wolf is engulfed in seething chaos. x2
Grum hits you with a +0 glaive!
* * * LOW HITPOINT WARNING * * *
You feel much better.
The wolf is engulfed in seething chaos.
Grum hits you with a +0 glaive!!
* * * LOW HITPOINT WARNING * * *
The wolf is engulfed in seething chaos.
The wolf changes into a glowing shapeshifter!
You mangle the centaur zombie!!
The glowing shapeshifter changes into a manticore!
The centaur zombie hits you.
* * * LOW HITPOINT WARNING * * *
The centaur zombie barely misses you.
The centaur zombie hits you but does no damage.
The centaur zombie closely misses you.
You scratch the centaur zombie. You claw the centaur zombie.
You destroy the centaur zombie!
Grum hits you with a +0 glaive!!
* * * LOW HITPOINT WARNING * * *
Grum stares intently and growls.
Grum misses you.
The manticore is engulfed in seething chaos.
The manticore suddenly seems more agile.
The manticore changes into a fire crab!
The wolf closely misses you. The wolf bites you but does no damage.
The wolf bites you.
* * * LOW HITPOINT WARNING * * *
Grum is engulfed in seething chaos.
Grum goes berserk!
The wolf bites you but does no damage.
A polar bear comes into view.
Found a stone staircase leading down.
Grum hits you from afar with a +0 glaive!!
You die... "NOOOOOOO, not my plaything!"
Xom revives you! The wolf bites you but does no damage. Grum barely misses you.
Unknown command.
Unknown command.
You fade into invisibility!
The wolf misses you. The wolf barely misses you.
Grum hits you from afar with a +0 glaive!!!
You die...
Xom is highly amused!

#...... >. ... # #......
... #.# . ....... #..
... .### #...... #..#
#.#.#.... .......
#.....$....... .######
#.$#.#.#.#....
#............. ##
#..#.#@#.##.## #.
#.....h..#..# #.
##.#.#.#g###.#########.
........h..§§..........)
###.#.#.#.#.§......####.
#######.......(..# #.
#..........# #.
#..(...##### #.
#......## #.


You could see a polar bear, Grum (berserk) and a wolf.

Vanquished Creatures
  Pikel (D:4)
  Psyche (D:8)
  A kobold demonologist (D:9)
  A slime creature (D:7)
  Sigmund (D:2)
  A shadow (D:9)
  2 wyverns
  9 yaks
  Menkaure (D:4)
  3 water moccasins
  2 orc warriors (D:9)
  2 black bears
  An ice beast (D:5)
  4 ogres
  A centaur (D:7)
  A wolf (D:9)
  A lemure (D:4)
  2 phantoms
  2 elf zombies (Ossuary)
  A wyvern zombie (D:4)
  A scorpion (D:5)
  A water moccasin zombie (D:5)
  6 killer bees
  7 wights
  A howler monkey (D:6)
  A bullfrog zombie (D:6)
  6 centaur zombies
  A human zombie (Ossuary)
  An orc priest (D:6)
  2 hounds
  11 jellies (D:7)
  Jessica (D:3)
  5 iguanas
  3 orc wizards
  A killer bee zombie (D:6)
  3 mummies
  A hound skeleton (D:4)
  2 howler monkey zombies
  7 gnolls
  8 adders
  A shadow imp (D:8)
  3 white imps
  An ufetubus (D:4)
  2 worms
  An adder zombie (Ossuary)
  12 dart slugs
  22 orcs
  21 endoplasms
  4 giant cockroaches
  7 goblins
  6 hobgoblins
  6 jackals
  13 kobolds
  A quokka (D:1)
  7 ball pythons
  8 bats
  5 frilled lizards
  2 goblin zombies (Ossuary)
  2 hobgoblin zombies (Ossuary)
  2 jackal zombies (Ossuary)
  10 kobold zombies (Ossuary)
  14 orc zombies (Ossuary)
  2 rats
  A rat zombie (Ossuary)
260 creatures vanquished.

Vanquished Creatures (others)
  3 fungi (D:7)
3 creatures vanquished.

Grand Total: 263 creatures vanquished

Notes
Turn   | Place    | Note
-------+----------+-------------------------------------------
     0 | D:1      | CryoSword the Troll Chaos Knight began the quest for the
                  | Orb.
     0 | D:1      | Reached XP level 1. HP: 22/22 MP: 0/0
    64 | D:1      | Reached XP level 2. HP: 29/29 MP: 1/1
   120 | D:1      | Found a faded altar of an unknown god.
   411 | D:1      | Reached XP level 3. HP: 35/36 MP: 2/2
   476 | D:1      | XOM: silly message
   734 | D:2      | Reached skill level 4 in Unarmed Combat
   735 | D:2      | Reached XP level 4. HP: 28/44 MP: 3/3
   810 | D:2      | XOM: 7-stop teleportation journey
   908 | D:2      | XOM: give mutations
   908 | D:2      | Gained mutation: You occasionally shout uncontrollably at
                  | your foes. [Xom's mischief]
   908 | D:2      | Gained mutation: You are partially covered in iridescent
                  | scales. (AC +2) [Xom's mischief]
   908 | D:2      | Gained mutation: You are frail. (-10% HP) [Xom's mischief]
  1002 | D:2      | Noticed Sigmund
  1016 | D:2      | Killed Sigmund
  1017 | D:2      | Reached skill level 5 in Unarmed Combat
  1017 | D:2      | Reached XP level 5. HP: 33/47 MP: 4/4
  1017 | D:2      | Reached XP level 6. HP: 38/54 MP: 5/5
  1198 | D:2      | XOM: noise
  1530 | D:3      | XOM: noise
  1538 | D:3      | Noticed Jessica
  1541 | D:3      | Killed Jessica
  1559 | D:3      | XOM: summons 4 hostile demons
  1752 | D:3      | XOM: 3-stop teleportation journey
  1941 | D:3      | XOM: give mutation
  1941 | D:3      | Gained mutation: You have supernaturally acute eyesight.
                  | (SInv) [Xom's mischief]
  1985 | D:3      | Found a sacrificial altar of Ru.
  2042 | D:3      | Found a basalt altar of Yredelemnul.
  2393 | D:4      | XOM: silly message
  2399 | D:4      | XOM: confuse monster(s)
  2410 | D:4      | Reached skill level 1 in Throwing
  2421 | D:4      | Reached skill level 6 in Unarmed Combat
  2421 | D:4      | Reached XP level 7. HP: 38/61 MP: 6/6
  2514 | D:4      | XOM: cloud trail
  2931 | D:4      | Found a snail-covered altar of Cheibriados.
  2981 | D:4      | XOM: divination: detect creatures
  2988 | D:4      | Noticed Pikel
  2988 | D:4      | Noticed Menkaure
  3015 | D:4      | XOM: divination: detect items
  3024 | D:4      | XOM: summons friendly iron imp
  3036 | D:4      | Killed Pikel
  3036 | D:4      | XOM: enchant monster (bad)
  3037 | D:4      | Reached skill level 7 in Unarmed Combat
  3037 | D:4      | Reached XP level 8. HP: 71/71 MP: 7/7
  3037 | D:4      | Killed Menkaure
  3064 | D:4      | Found an ornate altar of the Wu Jian Council.
  3300 | D:5      | Entered Level 5 of the Dungeon
  3358 | D:5      | Found a sand-covered staircase.
  3379 | Ossuary  | Entered an ossuary
  3469 | Ossuary  | XOM: confusion
  3476 | Ossuary  | XOM: potion effect (might)
  3486 | Ossuary  | Reached skill level 8 in Unarmed Combat
  3490 | Ossuary  | XOM: summons 4 hostile shadow creatures
  3509 | Ossuary  | Reached skill level 5 in Fighting
  3581 | Ossuary  | XOM: summons 3 hostile demons
  3919 | D:5      | XOM: 1-stop teleportation journey
  3926 | D:5      | Reached XP level 9. HP: 79/79 MP: 8/8
  4002 | D:5      | XOM: 1-stop teleportation journey
  4106 | D:5      | Found a shadowy altar of Dithmenos.
  4432 | D:6      | Reached skill level 5 in Dodging
  4772 | D:6      | Found a glowing golden altar of the Shining One.
  4888 | D:6      | Found a radiant altar of Vehumet.
  4908 | D:6      | Found a staircase to the Ecumenical Temple.
  5297 | D:7      | XOM: smoke on damage
  5298 | D:7      | XOM: confusion
  5362 | D:7      | Found a stormy altar of Qazlal.
  5466 | D:7      | Found Syukos's Magic Scroll Boutique.
  5497 | D:7      | Reached skill level 9 in Unarmed Combat
  5690 | D:7      | XOM: noise
  5693 | D:7      | XOM: smoke on damage
  5810 | D:7      | Found a sparkling altar of Nemelex Xobeh.
  5948 | D:7      | XOM: divination: detect creatures
  6032 | D:7      | Bought a scroll of fear for 38 gold pieces
  6032 | D:7      | Bought a scroll of holy word for 82 gold pieces
  6032 | D:7      | Bought 3 scrolls of identify for 66 gold pieces
  6032 | D:7      | Bought a scroll of enchant armour for 82 gold pieces
  6032 | D:7      | Bought a scroll of teleportation for 33 gold pieces
  6032 | D:7      | Bought a scroll of fog for 22 gold pieces
  6081 | D:7      | XOM: cast spell 'Cause Fear'
  6145 | D:8      | Noticed Psyche
  6152 | D:8      | Killed Psyche
  6153 | D:8      | Reached skill level 5 in Throwing
  6215 | D:8      | XOM: silly message
  6277 | D:8      | Reached XP level 10. HP: 88/88 MP: 9/9
  6304 | D:8      | XOM: summons 2 friendly demons
  6307 | D:8      | Reached skill level 10 in Unarmed Combat
  6590 | D:8      | Found a shimmering altar of Xom.
  6848 | D:9      | XOM: summons 2 hostile demons
  7005 | D:9      | XOM: stat loss: -1 Str (21/22)
  7034 | D:9      | Found a runed translucent door.
  7034 | D:9      | Noticed mistmaker's ghost (journeyman TeAE)
  7102 | D:9      | Noticed a soul eater
  7107 | D:9      | XOM: chaos cloud
  7108 | D:9      | Noticed Grum
  7112 | D:9      | Noticed an orange demon
  7115 | D:9      | Reached skill level 11 in Unarmed Combat
  7124 | D:9      | Noticed a glowing shapeshifter
  7124 | D:9      | a wolf changed into a glowing shapeshifter
  7125 | D:9      | Noticed a manticore
  7125 | D:9      | a glowing shapeshifter changed into a manticore
  7128 | D:9      | Noticed a fire crab
  7128 | D:9      | a manticore changed into a fire crab
  7130 | D:9      | Xom revived you
  7131 | D:9      | Annihilated by Grum

Illustrated notes

Levels and vault maps discovered:
D:1:      nicolae_arrival_memento_mori, layout_loops_ring,
          basic_ecumenical_altar
D:2:      layout_loops_ring, minmay_door_square, uniq_sigmund
D:3:      kennysheep_slugbush, layout_loops_corners,
          mainiacjoe_overflow_catwalk, mainiacjoe_overflow_brackets,
          uniq_jessica
D:4:      layout_basic, slow_altar_2, mainiacjoe_overflow_tiny_flanked,
          fountainhead, amcnicky_mini_corridor_feature, hangedman_decor_push,
          kennysheep_generic_room_9, uniq_pikel, uniq_menkaure
D:5:      layout_basic, grunt_dithmenos_smoke_and_mirrors, enter_ossuary_1
D:6:      layout_loops_corners, mainiacjoe_overflow_24_doors,
          mainiacjoe_overflow_six_doors_small, minmay_temple_entry_hall,
          chequers_jeans
D:7:      lemuel_slime, layout_rooms, kennysheep_little_box,
          nicolae_qazlal_scattered_showers, nicolae_inconvenience_store,
          glass_columns_c
D:8:      layout_basic, overflow_temple_1_default, uniq_psyche
D:9:      layout_basic, gammafunk_ghost_grave, st_stairs_12,
          minmay_misc_feat_encased, minivault_7, uniq_grum

Skill      XL: |  1  2  3  4  5  6  7  8  9 10 |
---------------+-------------------------------+-----
Dodging        | 2 3 4 5 6 |  6.5
Unarmed Combat | 4 5 6 7 8 9 11 | 11.0
Fighting       | 3 4 5 6 7 |  7.2
Throwing       | 1 2 3 5 6 |  6.0

Action                   |  1- 3 |  4- 6 |  7- 9 | 10-12 || total
-------------------------+-------+-------+-------+-------++-------
Melee: Unarmed           |    85 |   158 |   312 |   102 ||   657
       Punch             |       |     2 |    21 |     7 ||    30
Throw: Dart              |       |       |     1 |       ||     1
  Use: Potion            |     2 |     1 |     3 |     3 ||     9
       Scroll            |       |     5 |     6 |       ||    11
 Stab: Sleeping          |     1 |     2 |     1 |       ||     4
       Invisible         |       |     2 |       |       ||     2
       Distracted        |       |       |     3 |       ||     3
       Fleeing           |       |       |     1 |       ||     1
Armor: Robe              |    39 |    66 |   105 |    22 ||   232
       Skin              |     5 |       |     1 |       ||     6
Dodge: Dodged            |    38 |    93 |   194 |    68 ||   393
